cohdb
Replays
Latest Replays
All Replays
Popular Replays
Top Player Replays
Match Explorer
How It Works
Community
CoH3 Stats
Reddit
Sign in to upload your games and track your stats! →
Sign in with Steam
Match 45268562
Unlisted
Match 45268562
Overview
Messages
Build Orders
End
Selects Panzerjäger Kommand Battlegroup
Panzerpioneer Squad
250 Light Carrier
Selects Mine Fields
Panzergrenadier Squad
Panzergrenadier Squad
Construct Light Support Kompanie
Selects GrB 39 Grenade Launcher Requisition
Construct Mechanized Kompanie
Panzerjäger Mechanized Group
Support Armor Elements
Selects Crew Shock Tactics
StuG III D Assault Gun
2.5-tonne Medical Truck
Vehicle Survival Package
Veteran Squad Leaders
Emergency Repair Kits
Rapid Advance
Construct Panzerarmee Kommand
Ismachu
ValiantHawk
Felippe
Generick
GruZ
Zero Ambition
0
0
Comments
sign in to comment!
No comments posted yet!